 Dungeon Crawl Stone Soup version 0.30-a0-159-g068b764562 (webtiles) character file.

Game seed: 1411377140471822715

72 zishaf the Grave Robber (level 4, -2/32 HPs)
             Began as a Human Necromancer on Sept 27, 2022.
             Slain by Crazy Yiuf
             ... wielding a +2 quarterstaff of chaos
              (11 damage)
             ... on level 2 of the Dungeon.
             The game lasted 00:03:42 (2256 turns).

zishaf the Grave Robber (Human Necromancer)         Turns: 2256, Time: 00:03:42

Health: -2/32      AC:  3    Str:  9    XL:     4   Next: 48%
Magic:  1/7        EV: 10    Int: 23    God:
Gold:   139        SH:  0    Dex: 13    Spells: 0/8 levels left

rFire   . . .      SeeInvis .    q - +1 dagger (vamp)
rCold   . . .      Faith    .    s - +0 kite shield
rNeg    . . .      Spirit   .    a - +0 robe
rPois   .          Reflect  .    p - +0 helmet
rElec   .          Harm     .    (no cloak)
rCorr   .          Rampage  .    (no gloves)
Will    .....                    (no boots)
Stlth   +.........               (no amulet)
HPRegen 0.10/turn                n - ring of wizardry
MPRegen 0.10/turn                l - +6 ring of intelligence

@: confused
A: no striking features
a: no special abilities


You were on level 2 of the Dungeon.
You visited 1 branch of the dungeon, and saw 2 of its levels.

You collected 139 gold pieces.

Inventory:

Hand Weapons
 q - a +1 vampiric dagger (weapon)
Armour
 a - a +0 robe (worn)
 p - a +0 helmet (worn)
 s - a +0 kite shield (worn)
Jewellery
 f - a +6 ring of dexterity
 l - a +6 ring of intelligence (right hand)
 n - a ring of wizardry (left hand)
Scrolls
 d - a scroll of identify {unknown}
 e - a scroll of enchant armour {unknown}
 j - 4 scrolls of teleportation {unknown}
 k - a scroll of vulnerability {unknown}
 o - a scroll of fear {unknown}
Potions
 b - 2 potions of magic
 c - 2 potions of brilliance {unknown}
 g - a potion of haste {unknown}
 h - 3 potions of mutation {unknown}
 i - a potion of might {unknown}
 m - a potion of attraction {unknown}
 r - a potion of resistance {unknown}


   Skills:
 + Level 1.5 Fighting
 - Level 2.0 Dodging
 - Level 2.0 Stealth
 + Level 0.0 Shields
 + Level 2.6 Spellcasting
 * Level 4.9 Necromancy


You couldn't memorise any spells.
You knew the following spells:

 Your Spells              Type           Power      Damage    Failure   Level
a - Necrotise             Necr           100%       1d9       2%          1
b - Vampiric Draining     Necr           25%        2d7       7%          3
c - Animate Dead          Necr           25%        N/A       22%         4

Your spell library contained the following spells:

 Spells                   Type           Power      Damage    Failure   Level
 Foxfire                  Conj/Fire      8%         2x1d4     17%         1
 Summon Small Mammal      Summ           8%         N/A       17%         1
 Call Canine Familiar     Summ           2%         N/A       45%         3
 Inner Flame              Hex/Fire       2%         N/A       45%         3
 Summon Guardian Golem    Hex/Summ       2%         N/A       45%         3
 Agony                    Necr           25%        N/A       52%         5
 Flame Wave               Conj/Fire      2%         2d4       85%         4
 Sticky Flame             Conj/Fire      2%         2d3       85%         4


Dungeon Overview and Level Annotations

Branches:
Dungeon (2/15)

Altars:

Shops:
D:2 [

Annotations:
D:2 Crazy Yiuf


Message History

The fungus is lightly damaged.
A nearby fungus withers and dies.
You see here a +0 kite shield.
s - a +0 kite shield You start putting on your armour.
You continue putting on your +0 kite shield. x4
You finish putting on your +0 kite shield.
Found a hammer.
Found a runed translucent door.
Crazy Yiuf shouts!
As you open the door, it creaks loudly!
You hit Crazy Yiuf.
Crazy Yiuf is moderately wounded.
Crazy Yiuf barely misses you.
Casting: Necrotise (safe; 2% risk of failure)
Confirm with . or Enter, or press ? or * to list all spells.
The spell is quite dangerous to miscast (7% risk of failure)!
Continue anyway?
Aiming: Vampiric Draining (quite dangerous; 7% risk of failure)
Press: ? - help, Shift-Dir - straight line, f - Crazy Yiuf
Aim: Crazy Yiuf, wielding a +2 quarterstaff of chaos and wearing a +0 cloak (moderately wounded)
You draw life force from Crazy Yiuf!
Crazy Yiuf says, "Crazy?
Crazy!?
PORCUPINE!"
Crazy Yiuf misses you.
Casting: Vampiric Draining (quite dangerous; 7% risk of failure)
Confirm with . or Enter, or press ? or * to list all spells.
The spell is quite dangerous to miscast (7% risk of failure)!
Continue anyway?
Aiming: Vampiric Draining (quite dangerous; 7% risk of failure)
Press: ? - help, Shift-Dir - straight line, f/p - Crazy Yiuf
Aim: Crazy Yiuf, wielding a +2 quarterstaff of chaos and wearing a +0 cloak (severely wounded)
You draw life force from Crazy Yiuf.
You block Crazy Yiuf's attack.
Unknown command.
You barely miss Crazy Yiuf.
Crazy Yiuf is severely wounded.
Crazy Yiuf hits you with a +2 quarterstaff of chaos!
You are confused.
Crazy Yiuf hits you with a +2 quarterstaff of chaos!
* * * LOW HITPOINT WARNING * * *
Okay, then.
You bump into the rock wall.
Crazy Yiuf hits you with a +2 quarterstaff of chaos!
You die...

###### ### ##....## ###..)#
#......####@g...#
##....PP.#..##...# #
#..#..P.#.### ### #####
#####.######### #...## ......###
#....## ........# #########.....#
........# #.............####
........############......<......
#######.......# #.............


You could see Crazy Yiuf.

Vanquished Creatures
  Robin (D:2)
  A worm (D:2)
  2 dart slugs
  3 endoplasms
  10 goblins
  6 hobgoblins
  2 jackals (D:2)
  5 quokkas
  3 ball pythons (D:2)
  5 bats
  A frilled lizard (D:1)
  4 kobolds
  6 rats
49 creatures vanquished.

Vanquished Creatures (collateral kills)
  A goblin (D:2)
1 creature vanquished.

Vanquished Creatures (others)
  A fungus (D:2)
  A plant (D:2)
2 creatures vanquished.

Grand Total: 52 creatures vanquished

Notes
Turn   | Place    | Note
-------+----------+-------------------------------------------
     0 | D:1      | zishaf the Human Necromancer began the quest for the Orb.
     0 | D:1      | Reached XP level 1. HP: 13/13 MP: 3/3
   178 | D:1      | Reached XP level 2. HP: 20/20 MP: 3/5
   616 | D:1      | Reached skill level 1 in Fighting
   616 | D:1      | Reached XP level 3. HP: 21/26 MP: 0/6
   733 | D:1      | Found a faded altar of an unknown god.
  1065 | D:2      | Found Otateabe's Antique Armour Shop.
  1773 | D:2      | Reached XP level 4. HP: 32/32 MP: 2/7
  1863 | D:2      | Learned a level 3 spell: Vampiric Draining
  1868 | D:2      | Learned a level 4 spell: Animate Dead
  1868 | D:2      | Noticed Robin
  1874 | D:2      | Killed Robin
  2247 | D:2      | Found a runed translucent door.
  2248 | D:2      | Noticed Crazy Yiuf
  2256 | D:2      | Slain by Crazy Yiuf

Illustrated notes

Levels and vault maps discovered:
D:1:      dpeg_arrival_oval, layout_rooms, ebering_ecumenical_altar_webs,
          minmay_fountain_box
D:2:      cheibrodos_old_hovel, layout_rooms, serial_shops,
          nicolae_shop_waterfront, hangedman_decor_growths, corner_web_ring,
          minmay_hedge_maze, minmay_randomly_rotated_circles, uniq_robin,
          uniq_crazy_yiuf_cottage

Skill      XL: |  1  2 |
---------------+-------+-----
Fighting       | 1 |  1.5
Dodging        | |  2.0
Stealth        | |  2.0
Spellcasting   | |  2.6
Necromancy     | |  4.9

Action                   |  1- 3 |  4- 6 || total
-------------------------+-------+-------++-------
Melee: Dagger            |    19 |     7 ||    26
       Punch             |     2 |       ||     2
 Cast: Necrotise         |    78 |    16 ||    94
       Vampiric Draining |       |     2 ||     2
Armor: Robe              |     2 |     1 ||     3
Dodge: Dodged            |    24 |     4 ||    28
Block: Kite shield       |       |     1 ||     1

Table legend: (Time is in decaauts)
 A = Elapsed time spent in this place.
 B = Non-inter-level travel time spent in this place.
 C = Inter-level travel time spent in this place.
 D = Time resting spent in this place.
 E = Time spent auto-exploring this place.
 F = Levels seen in this place.
 G = Mean time per level.
                   A        B        C        D        E       F      G
               +--------+--------+--------+--------+--------+-----+--------+
         Total |   2287 |   2192 |     95 |    205 |   1634 |   2 | 1143.5 |
       Dungeon |   2287 |   2192 |     95 |    205 |   1634 |   2 | 1143.5 |
               +--------+--------+--------+--------+--------+-----+--------+

Top non-repeatable levels by time:
     D:2: 1247 daAuts
     D:1: 1039 daAuts
